 Dungeon Crawl Stone Soup version 0.26.1-11-gd32895ea62 (webtiles) character file.

Game seed: 8951248245828933411

21 Zeld the Grasshopper (level 2, 0/19 HPs)
             Began as an Octopode Warper on May 17, 2021.
             Slain by a jackal (1 damage)
             ... on level 1 of the Dungeon.
             The game lasted 00:01:40 (732 turns).

Zeld the Grasshopper (Octopode Warper)               Turns: 732, Time: 00:01:40

Health: 0/19       AC:  1    Str: 10    XL:     2   Next: 87%
Magic:  0/5        EV: 13    Int: 15    God:
Gold:   68         SH:  0    Dex: 11    Spells: 3/5 levels left

rFire    . . .     SeeInvis .   b - +0 mace
rCold    . . .     Faith    .   (no shield)
rNeg     . . .     Spirit   .   (helmet restricted)
rPois    .         Reflect  .   (no amulet)
rElec    .         Harm     .   (no ring)
rCorr    .         Rampage  .   (no ring)
Will     .....                  (no ring)
Stlth    ++........             (no ring)
HPRegen  0.06/turn              (no ring)
MPRegen  0.09/turn              (no ring)
                                (no ring)
                                (no ring)

@: no status effects
A: almost no armour, stealthy swim, amphibious, 8 rings, constrict 8, camouflage
1, gelatinous body 1
a: no special abilities


You were on level 1 of the Dungeon.
You visited 1 branch of the dungeon, and saw 1 of its levels.

You collected 68 gold pieces.

Inventory:

Hand Weapons
 a - a +0 mace
 b - a +0 mace (weapon)
Scrolls
 c - a scroll of blinking
 e - 2 scrolls of teleportation {unknown}
 f - a scroll of amnesia {unknown}
 h - a scroll of identify {unknown}
 j - a scroll of remove curse {unknown}
 k - a scroll of fear {unknown}
Potions
 g - a potion of invisibility {unknown}
 i - a potion of magic {unknown}
 l - a potion of haste {unknown}


   Skills:
 - Level 2.0 Fighting
 * Level 2.7 Maces & Flails
 - Level 1.0 Throwing
 - Level 2.3 Dodging
 + Level 2.2 Spellcasting
 + Level 3.2 Translocations


You had 3 spell levels left.
You knew the following spells:

 Your Spells              Type           Power        Failure   Level
a - Blink                 Tloc           N/A          9%          2

Your spell library contained the following spells:

 Spells                   Type           Power        Failure   Level
 Gell's Gravitas          Tloc           5%           17%         3
 Lesser Beckoning         Tloc           5%           17%         3
 Teleport Other           Tloc           11%          17%         3
 Passage of Golubria      Tloc           N/A          50%         4


Dungeon Overview and Level Annotations

Branches:
Dungeon (1/15)

Altars:


Innate Abilities, Weirdness & Mutations

You cannot wear most types of armour.
You are very stealthy in the water. (Stealth+)
You are amphibious.
You can wear up to eight rings at the same time.
You can use your tentacles to constrict eight enemies at once.
Your skin changes colour to match your surroundings (Stealth+).
Your rubbery body absorbs attacks. (AC +1, EV +1)


Message History

The jackal bites you. The jackal closely misses you.
The jackal barely misses you.
The jackal bites you but does no damage.
The jackal barely misses you. The jackal misses you. The jackal bites you.
* * * LOW HITPOINT WARNING * * *
The jackal barely misses you.
There is an open door here.
Casting: Blink (safe; 9% risk of failure)
Confirm with . or Enter, or press ? or * to list all spells.
You blink.
Unknown command.
The jackal bites you.
* * * LOW HITPOINT WARNING * * *
The jackal bites you.
* * * LOW HITPOINT WARNING * * *
The jackal closely misses you. The jackal bites you.
You die...

#.#......###.......#.....###
#.#....### #####.........#
..#..#################'###
######.................#
#.#################
#.##...†).....#
#.##.########.# #.##.#
######'## #.##.# #...@...#
#.##.# #.hh....# #.##.#
#.......# #.##.# #.......###
#.##.# ####......# #.##.#
#......# #.##.#
#......####### #....#
#............# ######
#.......†....#


You could see 2 jackals.

Vanquished Creatures
  2 ball pythons (D:1)
  A bat (D:1)
  A giant cockroach (D:1)
  5 goblins (D:1)
  5 jackals (D:1)
  2 frilled lizards (D:1)
  2 rats (D:1)
18 creatures vanquished.

Notes
Turn   | Place    | Note
-------+----------+-------------------------------------------
     0 | D:1      | Zeld the Octopode Warper began the quest for the Orb.
     0 | D:1      | Reached XP level 1. HP: 14/14 MP: 3/3
   329 | D:1      | Reached XP level 2. HP: 19/19 MP: 5/5
   421 | D:1      | Learned a level 2 spell: Blink
   732 | D:1      | Slain by a jackal

Illustrated notes

Levels and vault maps discovered:
D:1:      lemuel_arrival_funnel, layout_basic

Action                   || total
-------------------------++-------
Melee: Mace              ||    31
       Constrict         ||     9
       Tentacles         ||     5
Throw: Boomerang         ||     5
 Cast: Blink             ||     3
 Stab: Sleeping          ||     4
Armor: Skin              ||     6
Dodge: Dodged            ||    36
